 Dungeon Crawl Stone Soup version 0.21.1-1-g345015f (webtiles) character file.

1467 kae the Cleaver (level 8, -1/71 HPs)
             Began as a Hill Orc Fighter on June 1, 2018.
             Was a Follower of Makhleb.
             Slain by a centaur (6 damage)
             ... on level 6 of the Dungeon.
             The game lasted 00:04:17 (5827 turns).

kae the Cleaver (Hill Orc Fighter)                  Turns: 5827, Time: 00:04:18

Health: -1/71      AC:  0    Str: 21      XL:     8   Next: 77%
Magic:  11/11      EV: 15    Int:  8      God:    Makhleb [*.....]
Gold:   235        SH:  0    Dex:  8 (10) Spells: 7/7 levels left

rFire    . . .     SeeInvis .   (weapon currently unavailable)
rCold    . . .     Gourm    .   (shield currently unavailable)
rNeg     . . .     Faith    .   (armour currently unavailable)
rPois    .         Spirit   .   (helmet currently unavailable)
rElec    .         Reflect  .   (cloak currently unavailable)
rCorr    .         Harm     .   (gloves currently unavailable)
MR       .....                  (boots currently unavailable)
Stlth    +.........             (no amulet)
HPRegen  0.21/turn              (ring currently unavailable)
MPRegen  0.12/turn              (ring currently unavailable)

@: pig-form (expiring), very quick
A: small
a: Renounce Religion


You were on level 6 of the Dungeon.
You worshipped Makhleb.
Makhleb was aware of your devotion.
You were hungry.
You were a filthy swine.
You visited 1 branch of the dungeon, and saw 6 of its levels.

You collected 235 gold pieces.

Inventory:

Hand Weapons
 a - a +0 war axe (melded)
Armour
 b - a +0 scale mail (melded)
 c - a +0 shield (melded)
Jewellery
 i - a cursed +4 amulet of reflection {unknown}
 k - a cursed ring of loudness {unknown}
 n - a cursed ring of teleportation {unknown}
 u - a cursed ring of teleportation {unknown}
Wands
 o - a wand of flame (42)
 r - a wand of random effects (30)
Scrolls
 e - 7 scrolls of identify {unknown}
 h - 5 scrolls of remove curse {unknown}
 j - 2 scrolls of blinking {unknown}
 l - 4 scrolls of teleportation {unknown}
 m - 2 scrolls of random uselessness {unknown}
 p - a scroll of acquirement {unknown}
 q - 2 scrolls of magic mapping {unknown}
 t - 2 scrolls of fear {unknown}
 v - a scroll of enchant weapon {unknown}
 w - a scroll of fog {unknown}
Potions
 d - a potion of magic
 g - a potion of curing
 x - 2 potions of resistance {unknown}
 z - a potion of lignification {unknown}
Comestibles
 f - 5 rations


   Skills:
 + Level 6.4 Fighting
 * Level 8.7 Axes
 + Level 5.8 Armour
 + Level 3.4 Dodging
 - Level 3.2 Shields
 * Level 4.5 Invocations


You had 7 spell levels left.
You didn't know any spells.

Dungeon Overview and Level Annotations

Branches:
Dungeon (6/15)             Temple (0/1) D:5

Altars:
Makhleb
Trog
Zin
The Shining One


Message History

The centaur is moderately wounded.
Your transformation is almost over.
The centaur hits you! The centaur barely misses you.
You completely miss the centaur.
The centaur is moderately wounded.
The centaur hits you. The centaur hits you!
* * * LOW HITPOINT WARNING * * *
You hit the centaur.
The centaur is heavily wounded.
The centaur hits you!
* * * LOW HITPOINT WARNING * * *
The centaur hits you.
* * * LOW HITPOINT WARNING * * *
The centaur completely misses you. The centaur barely misses you.
The centaur hits you.
* * * LOW HITPOINT WARNING * * *
The centaur rages.
The centaur hits you.
You die...

#.........#/..
#............
#..........# #.
#.........# #.
#....(.?..# #.
#...(....(###### #.
#..(...(........ #.
#).........###.
#.#####รท).hc....##
#........####.###
##....#### #..#
#..<.# ##..! #....#
##.. ###### ###


You could see a centaur (berserk).

Vanquished Creatures
  An orc warrior (D:3)
  An ice beast (D:6)
  A black bear (D:6)
  2 phantoms
  A scorpion (D:5)
  A water moccasin skeleton (D:5)
  2 crimson imps (D:5)
  A quasit (D:6)
  A jelly (D:4)
  2 orc priests
  2 bullfrog skeletons
  3 orc wizards
  A gnoll shaman (D:4)
  Jessica (D:3)
  Natasha (thrice) (D:4)
  Terence (D:2)
  2 iguanas
  2 worker ants
  The ghost of Iko the Charlatan, a weakling BaAr (D:4)
  6 gnolls
  A howler monkey skeleton (D:5)
  A worker ant zombie (D:5)
  11 adders
  2 shadow imps (D:5)
  An ooze (D:2)
  A worm (D:2)
  2 dart slugs
  6 leopard geckos
  12 orcs
  2 ball pythons
  10 bats
  11 giant cockroaches
  2 hobgoblins
  5 jackals
  3 quokkas
  7 frilled lizards
  7 goblins
  2 hobgoblin zombies (D:5)
  14 kobolds
  2 kobold skeletons (D:5)
  2 kobold zombies (D:5)
  An orc skeleton (D:5)
  9 rats
149 creatures vanquished.

Notes
Turn   | Place    | Note
-------+----------+-------------------------------------------
     0 | D:1      | kae the Hill Orc Fighter began the quest for the Orb.
     0 | D:1      | Reached XP level 1. HP: 19/19 MP: 1/1
    78 | D:1      | Reached skill level 3 in Axes
   112 | D:1      | Reached XP level 2. HP: 23/27 MP: 2/2
   339 | D:1      | Reached XP level 3. HP: 18/33 MP: 3/3
   798 | D:2      | Noticed Terence
   812 | D:2      | Reached skill level 4 in Axes
   817 | D:2      | Killed Terence
   817 | D:2      | Reached skill level 1 in Dodging
   817 | D:2      | Reached XP level 4. HP: 8/40 MP: 4/4
  1300 | D:2      | Noticed a phantom
  1540 | D:2      | Killed a phantom
  1540 | D:2      | Reached skill level 5 in Axes
  1540 | D:2      | Reached XP level 5. HP: 25/47 MP: 5/5
  1932 | D:3      | Reached XP level 6. HP: 43/53 MP: 6/6
  2180 | D:3      | Noticed an orc warrior
  2609 | D:3      | Reached skill level 6 in Axes
  2923 | D:3      | Noticed Jessica
  2926 | D:3      | Killed Jessica
  2926 | D:3      | Reached skill level 5 in Fighting
  3036 | D:3      | Killed an orc warrior
  3036 | D:3      | Reached XP level 7. HP: 7/61 MP: 7/7
  3339 | D:3      | Found a bloodstained altar of Trog.
  3569 | D:4      | Noticed Natasha
  3577 | D:4      | Killed Natasha
  3815 | D:4      | Noticed Iko's ghost (weakling BaAr)
  3824 | D:4      | Killed Iko's ghost
  3824 | D:4      | Reached skill level 5 in Armour
  3851 | D:4      | Found a burning altar of Makhleb.
  3868 | D:4      | Reached skill level 7 in Axes
  3883 | D:4      | Found a glowing silver altar of Zin.
  3885 | D:4      | Noticed a balrug
  3885 | D:4      | Noticed an angel
  3899 | D:4      | Became a worshipper of Makhleb the Destroyer
  4245 | D:4      | Reached skill level 1 in Invocations
  4262 | D:4      | Noticed Natasha
  4266 | D:4      | Killed Natasha
  4270 | D:4      | Noticed Natasha
  4277 | D:4      | Killed Natasha
  4423 | D:5      | Entered Level 5 of the Dungeon
  4478 | D:5      | Reached XP level 8. HP: 65/70 MP: 9/9
  4500 | D:5      | Reached * piety under Makhleb
  4716 | D:5      | Found a glowing golden altar of the Shining One.
  4806 | D:5      | Reached skill level 8 in Axes
  4968 | D:5      | Found a staircase to the Ecumenical Temple.
  5827 | D:6      | Slain by a centaur

Skill      XL: |  1  2  3  4  5  6  7  8 |
---------------+-------------------------+-----
Axes           | 3 4 5 6 7 8 |  8.7
Fighting       | 4 5 6 |  6.4
Dodging        | 1 2 3 |  3.4
Armour         | 4 5 |  5.8
Invocations    | 2 4 |  4.5
Shields        | |  3.2

Action                   |  1- 3 |  4- 6 |  7- 9 || total
-------------------------+-------+-------+-------++-------
Melee: War axe           |   111 |   171 |   258 ||   540
       Unarmed           |       |       |    14 ||    14
  Use: Potion            |       |     3 |     5 ||     8
  Eat: Chunk             |       |     7 |     9 ||    16
Armor: Scale mail        |    48 |    79 |   101 ||   228
Dodge: Dodged            |    46 |    73 |   111 ||   230
Block: Shield            |    59 |   121 |   127 ||   307
